 Dungeon Crawl Stone Soup version 0.30-a0-528-g8c47a4955b (webtiles) character file.

Game seed: 14708585207627111244

1502 Mitcholas the Basher (level 8, -7/64 HPs)
             Began as a Minotaur Fighter on Dec 23, 2022.
             Was a Follower of Yredelemnul.
             Mangled by a kobold brigand
             ... wielding a +0 short sword of distortion
              (20 damage)
             ... on level 5 of the Dungeon.
             The game lasted 00:09:44 (4364 turns).

Mitcholas the Basher (Minotaur Fighter)             Turns: 4364, Time: 00:09:44

Health: -7/64      AC: 10    Str: 23    XL:     8   Next: 52%
Magic:  7/7        EV:  7    Int:  5    God:    Yredelemnul [*.....]
Gold:   321        SH:  4    Dex: 10    Spells: 7/7 levels left

rFire   . . .      SeeInvis .    a - +0 flail
rCold   . . .      Faith    .    f - +0 buckler {rPois}
rNeg    . . .      Spirit   .    j - +0 chain mail
rPois   +          Reflect  .    (helmet restricted)
rElec   .          Harm     .    (no cloak)
rCorr   .          Rampage  .    A - +0 pair of gloves
Will    .....                    (no boots) Stlth
                                 (no amulet)
HPRegen 0.30/turn                (no ring)
MPRegen 0.10/turn                (no ring)

@: no status effects
A: horns 2, retaliatory headbutt
a: Renounce Religion, Recall Undead Harvest


You were on level 5 of the Dungeon.
You worshipped Yredelemnul.
Yredelemnul was noncommittal.
You visited 1 branch of the dungeon, and saw 5 of its levels.

You collected 321 gold pieces.

Inventory:

Hand Weapons
 a - a +0 flail (weapon)
Missiles
 i - 3 poisoned darts (quivered)
Armour
 f - a +0 buckler of poison resistance (worn)
 j - a +0 chain mail (worn)
 A - a +0 pair of gloves (worn)
Jewellery
 l - a ring of see invisible
Wands
 e - a wand of charming (9)
 v - a wand of digging (5)
 w - a wand of acid (5)
Scrolls
 b - a scroll of fog {unknown}
 c - 3 scrolls of immolation {unknown}
 m - 2 scrolls of enchant armour {unknown}
 n - a scroll of blinking {unknown}
 o - 3 scrolls of enchant weapon {unknown}
 p - 3 scrolls of vulnerability {unknown}
 q - a scroll of torment {unknown}
 r - 2 scrolls of noise {unknown}
 u - 2 scrolls of teleportation {unknown}
 x - 2 scrolls of magic mapping {unknown}
 y - 2 scrolls of identify
Potions
 d - 5 potions of might
 g - 2 potions of curing
 h - 3 potions of lignification
 k - 2 potions of degeneration
 s - 4 potions of flight {unknown}
 t - a potion of magic {unknown}
 z - 2 potions of brilliance {unknown}


   Skills:
 - Level 3.6 Fighting
 * Level 12.8 Maces & Flails
 - Level 3.6 Armour
 - Level 3.6 Shields


You had 7 spell levels left.
You didn't know any spells.
Your spell library contained the following spells:

 Spells                   Type           Power      Damage    Failure   Level
 Beastly Appendage        Tmut           0%         N/A       99%         1
 Magic Dart               Conj           0%         1d3       99%         1
 Call Imp                 Summ           0%         N/A       100%        2
 Cigotuvi's Dreadful Rot  Necr/Pois/Air  0%         N/A       100%        2
 Poisonous Vapours        Pois/Air       0%         N/A       100%        2
 Wereblood                Tmut           0%         N/A       100%        2
 Mephitic Cloud           Conj/Pois/Air  0%         N/A       100%        3
 Ozocubu's Armour         Ice            0%         N/A       100%        3
 Spider Form              Tmut/Pois      0%         N/A       100%        3
 Ozocubu's Refrigeration  Ice            0%         4d7       100%        7


Dungeon Overview and Level Annotations

Branches:
Dungeon (5/15)
 Temple: D:4-7

Altars:
Hepliaklqana
Sif Muna
Trog
Wu Jian
Yredelemnul
Zin
The Shining One

Shops:
D:1 !

Portals:
Abyss: D:5

Annotations:
D:5 1 transporter, purpskrrrp's ghost, amateur TrFi


Innate Abilities, Weirdness & Mutations

You have a pair of horns on your head.
You reflexively headbutt those who attack you in melee.


Message History

Your hound zombie misses the kobold brigand.
You sock purpskrrrp's ghost!
Purpskrrrp's ghost is almost destroyed.
The small abomination hits your ogre zombie!!
Your ogre zombie is destroyed!
Your hound zombie barely misses the kobold brigand.
Your spectral shadow imp hits the kobold brigand but does no damage.
Your hound zombie bites the kobold brigand but does no damage.
You completely miss purpskrrrp's ghost.
Purpskrrrp's ghost is almost destroyed.
Your scorpion zombie hits purpskrrrp's ghost.
Your hound zombie barely misses the kobold brigand.
The kobold brigand barely misses your spectral shadow imp.
Purpskrrrp's ghost hits you!
* * * LOW HITPOINT WARNING * * *
Your spectral shadow imp closely misses the kobold brigand.
Your hound zombie misses the kobold brigand.
You barely miss purpskrrrp's ghost.
Purpskrrrp's ghost is almost destroyed.
The small abomination hits your hound zombie!
Your hound zombie is destroyed!
Your hound zombie barely misses the kobold brigand.
Your spectral shadow imp hits the small abomination but does no damage.
Your scorpion zombie closely misses purpskrrrp's ghost.
The kobold brigand hits your spectral shadow imp but does no damage.
Space warps horribly around your spectral shadow imp!!
Your spectral shadow imp is destroyed!
Purpskrrrp's ghost hits you but does no damage.
The kobold brigand shouts!
You can no longer trade souls for undead servants.
You hit the kobold brigand but do no damage.
You headbutt the kobold brigand.
The kobold brigand is severely wounded.
Your hound zombie misses the kobold brigand.
Your scorpion zombie hits purpskrrrp's ghost.
The kobold brigand hits you with a +0 short sword of distortion.
* * * LOW HITPOINT WARNING * * *
Space warps horribly around you!!
You die...
Your body rises from the dead as a mindless zombie.

#....# .). #####Z...
#....### .#.##...Z....
#......#.#..#..Z......
#.....©#...##..###....
#.....##.#.#..##.##...
#....##.^..##.#...##..
#....#Z#.##.#####.##..
#...##WZ#.∩..#...##...
#..©#@KxZ###.. #.#....
#...#Z###...# #.#....
#...###.##$####:##....
#........###..###)....
#.....................
#.....................
#.####.....#####.....#
#..........#####......
######................


You could see a kobold brigand (ally target), a small abomination, purpskrrrp's
ghost (ally target), a friendly spectral shadow imp, a friendly hound zombie, a
friendly scorpion zombie and a friendly orc wizard zombie.

Vanquished Creatures
  Pikel (D:4)
  An ice beast (D:5)
  An ogre (D:5)
  3 phantoms
  A necrophage (D:4)
  A scorpion (D:5)
  A small abomination (D:5)
  2 hounds (D:5)
  An orc priest (D:5)
  3 orc wizards
  4 adders
  A shadow imp (D:5)
  2 dart slugs
  2 worms
  10 orcs
  4 endoplasms
  2 giant cockroaches
  6 goblins
  5 hobgoblins
  6 jackals
  2 kobolds (D:3)
  4 quokkas
  12 ball pythons
  6 bats
  2 frilled lizards (D:2)
  3 rats
86 creatures vanquished.

Vanquished Creatures (collateral kills)
  An ogre (D:5)
  A scorpion (D:5)
  An orc wizard (D:5)
  An adder (D:5)
  A shadow imp (D:5)
  An orc (D:5)
6 creatures vanquished.

Vanquished Creatures (others)
  An ice beast zombie (D:5)
  An ogre zombie (D:5)
  A hound zombie (D:5)
  A spectral shadow imp (D:5)
  3 orc zombies (D:5)
  5 plants (D:5)
12 creatures vanquished.

Grand Total: 104 creatures vanquished

Notes
Turn   | Place    | Note
-------+----------+-------------------------------------------
     0 | D:1      | Mitcholas the Minotaur Fighter began the quest for the Orb.
     0 | D:1      | Reached XP level 1. HP: 19/19 MP: 0/0
    68 | D:1      | Reached skill level 3 in Maces & Flails
    72 | D:1      | Reached XP level 2. HP: 26/26 MP: 1/1
   200 | D:1      | Found Sicim's Distillery.
   277 | D:1      | Reached skill level 4 in Maces & Flails
   790 | D:2      | Reached XP level 3. HP: 31/31 MP: 2/2
   975 | D:2      | Found a faded altar of an unknown god.
   982 | D:2      | Reached skill level 5 in Maces & Flails
  1376 | D:3      | Identified the +8 broad axe of Xoer {flame, +Blink rPois
                  | Str-4 Dex+6}
  1491 | D:3      | Found a basalt altar of Yredelemnul.
  1550 | D:3      | Reached XP level 4. HP: 34/39 MP: 3/3
  1796 | D:3      | Found a glowing golden altar of the Shining One.
  1980 | D:3      | Reached skill level 6 in Maces & Flails
  1986 | D:3      | Reached XP level 5. HP: 4/45 MP: 4/4
  2278 | D:4      | Noticed a lemure
  2279 | D:4      | Noticed Pikel
  2279 | D:4      | Noticed a lemure
  2281 | D:4      | Noticed a lemure
  2283 | D:4      | Noticed a lemure
  2303 | D:4      | Killed Pikel
  2304 | D:4      | Reached skill level 9 in Maces & Flails
  2304 | D:4      | Reached XP level 6. HP: 6/51 MP: 5/5
  2304 | D:4      | Reached XP level 7. HP: 7/57 MP: 6/6
  2797 | D:3      | Became a worshipper of Yredelemnul the Dark
  2912 | D:4      | Reached skill level 10 in Maces & Flails
  3215 | D:4      | Found an ornate altar of the Wu Jian Council.
  3261 | D:4      | Found a glowing silver altar of Zin.
  3264 | D:4      | Found a hazy altar of Hepliaklqana.
  3281 | D:4      | Found a shimmering blue altar of Sif Muna.
  3488 | D:5      | Entered Level 5 of the Dungeon
  3501 | D:5      | Reached skill level 11 in Maces & Flails
  3515 | D:5      | Reached XP level 8. HP: 49/64 MP: 7/7
  3581 | D:5      | Reached * piety under Yredelemnul
  3700 | D:5      | Reached ** piety under Yredelemnul
  3767 | D:5      | Found a transporter.
  3773 | D:5      | Found a transporter.
  3782 | D:5      | Reached skill level 12 in Maces & Flails
  3875 | D:5      | Found a one-way gate to the infinite horrors of the Abyss.
  3966 | D:5      | Reached *** piety under Yredelemnul
  4227 | D:5      | Found a bloodstained altar of Trog.
  4328 | D:5      | Noticed purpskrrrp's ghost (amateur TrFi)
  4364 | D:5      | Mangled by a kobold brigand

Illustrated notes

Levels and vault maps discovered:
D:1:      elethiomel_arrival_infinity_welcomes_careful_drivers,
          layout_loops_ring, serial_shops, shop
D:2:      layout_rooms, ebering_ecumenical_altar_webs
D:3:      layout_loops_ring, tso_oasis_becter, general_overflow_altar
D:4:      layout_loops_cross, grunt_temple_overflow_cloverleaf,
          grunt_decor_resistance, minmay_misc_feat_alley, minivault_26,
          uniq_pikel
D:5:      layout_rooms, mainiacjoe_overflow_alcove_1,
          gammafunk_ghost_abyssal_escape, serial_bayou_pond_a, kennysheep_dice

Skill      XL: |  1  2  3  4  5  6  7  8 |
---------------+-------------------------+-----
Maces & Flails | 3 4 5 6 9 11 12 | 12.8
Fighting       | |  3.6
Armour         | |  3.6
Shields        | |  3.6

Action                   |  1- 3 |  4- 6 |  7- 9 || total
-------------------------+-------+-------+-------++-------
Melee: Flail             |    76 |    56 |   129 ||   261
       Headbutt          |     9 |    11 |    19 ||    39
Invok: Recall Undead Har |       |       |     1 ||     1
 Abil: Evoke Blink       |       |       |     5 ||     5
  Use: Scroll            |       |     3 |       ||     3
 Stab: Distracted        |       |       |     1 ||     1
Armor: Scale mail        |    16 |       |       ||    16
       Chain mail        |    25 |    45 |    53 ||   123
Dodge: Dodged            |    44 |     7 |    26 ||    77
Block: Buckler           |     9 |     8 |    12 ||    29

Table legend: (Time is in decaauts)
 A = Elapsed time spent in this place.
 B = Non-inter-level travel time spent in this place.
 C = Inter-level travel time spent in this place.
 D = Time resting spent in this place.
 E = Time spent auto-exploring this place.
 F = Levels seen in this place.
 G = Mean time per level.
                   A        B        C        D        E       F      G
               +--------+--------+--------+--------+--------+-----+--------+
         Total |   4375 |   4180 |    195 |    317 |   3021 |   5 |  875.0 |
       Dungeon |   4375 |   4180 |    195 |    317 |   3021 |   5 |  875.0 |
               +--------+--------+--------+--------+--------+-----+--------+

Top non-repeatable levels by time:
     D:4: 1138 daAuts
     D:3: 968 daAuts
     D:5: 868 daAuts
     D:1: 774 daAuts
     D:2: 626 daAuts
